 Dungeon Crawl Stone Soup version 0.30-a0-331-g8ab09dc110 (console) character file.

Game seed: 18371659037004574521

69 capslocke the Insei (level 4, -3/28 HPs)
             Began as an Octopode Transmuter on Oct 30, 2022.
             Slain by Terence
             ... wielding a +0 flail
              (11 damage)
             ... on level 2 of the Dungeon.
             The game lasted 00:04:27 (1681 turns).

capslocke the Insei (Octopode Transmuter)           Turns: 1681, Time: 00:04:28

Health: -3/28      AC:  1    Str: 11    XL:     4   Next: 20%
Magic:  8/8        EV: 13    Int: 15    God:
Gold:   126        SH:  0    Dex: 12    Spells: 7/8 levels left

rFire   . . .      SeeInvis .      - Unarmed
rCold   . . .      Faith    .    (no shield)
rNeg    . . .      Spirit   .    (helmet currently unavailable)
rPois   .          Reflect  .    (no amulet)
rElec   .          Harm     .    (no ring)
rCorr   .          Rampage  .    (no ring)
Will    .....                    (no ring)
Stlth   ++........               (no ring)
HPRegen 0.24/turn                (no ring)
MPRegen 0.11/turn                (no ring)
                                 (no ring)
                                 (no ring)

@: appendages (expiring)
A: tentacle spike 3, almost no armour, amphibious, 8 rings, camouflage 1,
gelatinous body 1, (nimble swimmer 1), tentacles
a: End Transformation


You were on level 2 of the Dungeon.
One of your tentacles had grown a beastly spike.
You visited 1 branch of the dungeon, and saw 2 of its levels.

You collected 126 gold pieces.

Inventory:

Scrolls
 e - 2 scrolls of poison {unknown}
 g - a scroll of fear {unknown}
 h - a scroll of fog {unknown}
 i - 3 scrolls of teleportation {unknown}
 j - 2 scrolls of enchant weapon {unknown}
 k - a scroll of magic mapping {unknown}
 l - a scroll of amnesia {unknown}
Potions
 a - a potion of lignification
 b - 2 potions of resistance
 c - 2 potions of flight
 d - 3 potions of curing
 f - 2 potions of ambrosia {unknown}


   Skills:
 + Level 1.2 Fighting
 + Level 2.2 Dodging
 + Level 4.0 Unarmed Combat
 + Level 2.7 Spellcasting
 + Level 2.3 Transmutations


You had 7 spell levels left.
You knew the following spells:

 Your Spells              Type           Power      Damage    Failure   Level
a - Beastly Appendage     Tmut           16%        N/A       9%          1

Your spell library contained the following spells:

 Spells                   Type           Power      Damage    Failure   Level
 Wereblood                Tmut           8%         N/A       12%         2
 Spider Form              Tmut/Pois      5%         N/A       36%         3
 Ice Form                 Ice/Tmut       5%         N/A       77%         4


Dungeon Overview and Level Annotations

Branches:
Dungeon (2/15)

Altars:

Annotations:
D:2 Terence


Innate Abilities, Weirdness & Mutations

One of your tentacles has grown a beastly spike.
You cannot wear most types of armour.
You are amphibious.
You can wear up to eight rings at the same time.
Your skin changes colour to match your surroundings (Stealth+).
Your rubbery body absorbs attacks. (AC +1, EV +1)
((You are camouflaged when in or above water. (Stealth+)))
You have tentacles for arms and can constrict up to eight enemies at once.


Message History

HP restored.
Found a club.
You now have 126 gold pieces (gained 12).
Terence is nearby!
Found 4 gold pieces.
Casting: Beastly Appendage (safe; 9% risk of failure)
Confirm with . or Enter, or press ? or * to list all spells.
One of your tentacles grows a vicious spike.
Terence shouts!
You barely miss Terence. You grab Terence.
You pierce Terence, but do no damage.
You squeeze Terence, but do no damage.
You constrict Terence, but do no damage.
Terence hits you with a +0 flail.
You tentacle-slap Terence but do no damage.
You squeeze Terence!
Terence is moderately wounded.
You constrict Terence. Terence barely misses you.
You tentacle-slap Terence.
You pierce Terence, but do no damage.
Terence is severely wounded.
You constrict Terence, but do no damage.
Terence hits you with a +0 flail!
You tentacle-slap Terence but do no damage.
You pierce Terence, but do no damage.
You tentacle-slap Terence, but do no damage.
Terence is severely wounded.
You constrict Terence, but do no damage.
Terence misses you.
You tentacle-slap Terence but do no damage.
You pierce Terence, but do no damage.
Terence is severely wounded.
Your transformation is almost over.
You constrict Terence.
Terence says, "You're history."
Terence hits you with a +0 flail!
* * * LOW HITPOINT WARNING * * *
You tentacle-slap Terence.
You pierce Terence, but do no damage.
Terence is almost dead.
You constrict Terence, but do no damage.
Terence hits you with a +0 flail!
You die...

.....##..# ....
♣♣~.♣###. .#.#.....#
###......## ♣.♣♣ #.
.....#.# #...#.#.#♣♣
♣♣.♣♣♣♣♣♣ .#.#...#
#.$.....#♣PP♣♣~~~♣♣P~♣
......##
#.........~~~~.~.~~.~.
.#.#.##
#.......#♣.PPP~~~P♣~♣P
.....#
#.......#♣♣♣♣♣♣.P♣♣♣♣♣
###### #....@..#.# ♣~P♣
#....@..#.# ♣♣.♣♣
#.##......## ♣~~.♣ #
#.#####.#..##♣P.P♣ ##
.###.#####.#.#.###.##
#..
....).............##
#.# ##..##..........##
#.# #..#............#
#####.#
#.......#.#.#.#[###
......#
#..#...........÷..#####


You could see Terence.

Vanquished Creatures
  3 adders (D:2)
  A worm (D:2)
  A dart slug (D:2)
  5 endoplasms
  2 goblins
  A hobgoblin (D:1)
  3 jackals (D:2)
  5 kobolds
  A quokka (D:1)
  6 ball pythons
  5 bats
  A frilled lizard (D:2)
  3 rats
37 creatures vanquished.

Notes
Turn   | Place    | Note
-------+----------+-------------------------------------------
     0 | D:1      | capslocke the Octopode Transmuter began the quest for the
                  | Orb.
     0 | D:1      | Reached XP level 1. HP: 13/13 MP: 3/3
   263 | D:1      | Reached XP level 2. HP: 16/18 MP: 5/5
  1052 | D:2      | Reached XP level 3. HP: 20/23 MP: 4/6
  1208 | D:2      | HP: 1/23 [kobold/+0 whip (5)]
  1357 | D:2      | Reached XP level 4. HP: 25/28 MP: 5/7
  1429 | D:2      | Reached skill level 4 in Unarmed Combat
  1447 | D:2      | Noticed Terence
  1681 | D:2      | Slain by Terence

Illustrated notes

Levels and vault maps discovered:
D:1:      psy_arrival_wood_between_worlds, layout_loops_ring,
          corexii_hall_statues_s, minivault_5
D:2:      layout_loops_cross, serial_glass, glass_columns_c, glass_columns_a,
          glass_columns_c, glass_columns_a, glass_columns_c,
          serial_bayou_crossing, uniq_terence

Skill      XL: |  1  2  3  4 |
---------------+-------------+-----
Unarmed Combat | 4 |  4.0
Fighting       | |  1.2
Dodging        | |  2.2
Spellcasting   | |  2.7
Transmutations | |  2.3

Action                   |  1- 3 |  4- 6 || total
-------------------------+-------+-------++-------
Melee: Unarmed           |    60 |    15 ||    75
       Constrict         |    19 |     5 ||    24
       Tentacles         |    13 |     4 ||    17
       Kick              |    12 |     9 ||    21
       Punch             |     2 |     3 ||     5
 Cast: Beastly Appendage |    15 |     4 ||    19
  Use: Scroll            |     3 |       ||     3
       Potion            |     1 |       ||     1
 Stab: Sleeping          |     5 |       ||     5
Armor: Skin              |     5 |     1 ||     6
Dodge: Dodged            |    38 |     8 ||    46

Table legend: (Time is in decaauts)
 A = Elapsed time spent in this place.
 B = Non-inter-level travel time spent in this place.
 C = Inter-level travel time spent in this place.
 D = Time resting spent in this place.
 E = Time spent auto-exploring this place.
 F = Levels seen in this place.
 G = Mean time per level.
                   A        B        C        D        E       F      G
               +--------+--------+--------+--------+--------+-----+--------+
         Total |   1677 |   1650 |     27 |    111 |   1280 |   2 |  838.5 |
       Dungeon |   1677 |   1650 |     27 |    111 |   1280 |   2 |  838.5 |
               +--------+--------+--------+--------+--------+-----+--------+

Top non-repeatable levels by time:
     D:1: 1037 daAuts
     D:2: 639 daAuts
